 Dungeon Crawl Stone Soup version 0.19.0-11-g3fc08b3 (webtiles) character file.

28 Jerry the Grave Robber (level 3, -1/18 HPs)
             Began as a Vine Stalker Necromancer on Nov 9, 2016.
             Slain by a goblin
             ... wielding a +1 dagger of venom
              (2 damage)
             ... on level 2 of the Dungeon.
             The game lasted 00:04:32 (1010 turns).

Jerry the Grave Robber (Vine Stalker Necromancer)   Turns: 1010, Time: 00:04:35

Health: -1/18      AC:  3    Str: 11    XL:     3   Next: 14%
Magic:  0/7        EV: 12    Int: 15    God:
Gold:   11         SH:  0    Dex: 14    Spells: 3 memorised, 1 level left

rFire  . . .     SeeInvis .     e - -2 short sword (curse)
rCold  . . .     Gourm    .     a - +0 robe
rNeg   . . .     Faith    .     (no shield)
rPois  .         Spirit   +     d - +0 helmet (curse)
rElec  .         Reflect  .     (no cloak)
rCorr  .         Harm     .     (no gloves)
MR     .....                    (no boots)
Stlth  ++........               (no amulet)
                                (no ring)
                                (no ring)

@: lethally poisoned (-1 -> -15)
A: fangs 2, magic shield, antimagic bite, no device heal 3, rot immunity
a: no special abilities


You were on level 2 of the Dungeon.
You were not hungry.

You visited 1 branch of the dungeon, and saw 2 of its levels.

You collected 11 gold pieces.

Inventory:

Hand Weapons
 e - a cursed -2 short sword (weapon)
Armour
 a - a +0 robe (worn)
 d - a cursed +0 helmet (worn)
Jewellery
 f - an uncursed amulet of faith {unknown}
Scrolls
 g - a scroll of enchant weapon {unknown}
 j - a scroll of recharging {unknown}
Potions
 h - a potion of might {unknown}
 i - a potion of flight {unknown}
Books
 b - a book of Necromancy

   Spells                             Type                      Level
   a - Pain                           Necromancy                   1
   b - Animate Skeleton               Necromancy                   1
   c - Vampiric Draining              Necromancy                   3
   d - Regeneration                   Charms/Necromancy            3
   e - Animate Dead                   Necromancy                   4
   f - Control Undead                 Necromancy                   4
Comestibles
 c - 2 bread rations
 k - 2 chunks of flesh


   Skills:
 + Level 1.5 Fighting
 - Level 1.5 Dodging
 - Level 2.4 Stealth
 - Level 2.1 Spellcasting
 + Level 4.4 Necromancy


You had one spell level left.
You knew the following spells:

 Your Spells              Type           Power        Failure   Level  Hunger
a - Pain                  Necr           ###.         3%          1    #......
b - Animate Skeleton      Necr           N/A          3%          1    #......
c - Vampiric Draining     Necr           ###.......   12%         3    ###....


Dungeon Overview and Level Annotations

Branches:
Dungeon (2/15)

Altars:


Innate Abilities, Weirdness & Mutations

You have extremely sharp teeth.
When hurt, damage is shared between your health and your magic reserves.
Your bite disrupts and absorbs the magic of your enemies.
Potions and wands cannot restore your health.
You are immune to rotting.


Message History

Confirm with . or Enter, or press ? or * to list all spells.
Aiming: Vampiric Draining
Press: ? - help, Shift-Dir - straight line, f - adder
Aim: an adder The adder is severely wounded.
You feel life coursing into your body.
You feel sick. The bat hits you but does no damage. The bat misses you.
The adder bites you.
The goblin hits you with a dagger of venom.
* * * LOW HITPOINT WARNING * * *
The bat hits you but does no damage.
Casting: Vampiric Draining
Confirm with . or Enter, or press ? or * to list all spells.
You don't have enough magic to cast that spell.
You barely miss the adder. Your bite misses the adder.
The adder is severely wounded.
* * * LOW HITPOINT WARNING * * *
You feel sick. The bat hits you but does no damage.
The adder bites you but does no damage.
The goblin hits you with a dagger of venom.
You die...

##. #...
#..# ..# #.#
###..####
#....!..#
##.#.g..##.#
#.?.S@###
#....b)#
#.#.##w..
#... ...⌠.
...# .....#
...## .<...#
... .....#
.. ...⌠..


You could see a worm, an adder, a goblin and a bat.

Vanquished Creatures
  A dart slug (D:1)
  2 bats (D:1)
  5 goblins (D:1)
  3 hobgoblins
  4 jackals (D:1)
  4 kobolds (D:1)
  A quokka (D:1)
  2 frilled lizards (D:1)
  A rat (D:1)
23 creatures vanquished.

Notes
Turn   | Place    | Note
-------+----------+-------------------------------------------
     0 | D:1      | Jerry the Vine Stalker Necromancer began the quest for the Orb.
     0 | D:1      | Reached XP level 1. HP: 9/9 MP: 4/4
   169 | D:1      | Learned a level 1 spell: Animate Skeleton
   196 | D:1      | Reached skill level 1 in Fighting
   196 | D:1      | Reached XP level 2. HP: 9/14 MP: 6/6
   662 | D:1      | Reached XP level 3. HP: 5/18 MP: 1/7
   937 | D:1      | Learned a level 3 spell: Vampiric Draining
  1001 | D:1      | You fall through a shaft!
  1010 | D:2      | Slain by a goblin

Skill      XL: |  1 |
---------------+----+-----
Fighting       | 1 |  1.5
Dodging        | |  1.5
Stealth        | |  2.4
Spellcasting   | |  2.1
Necromancy     | |  4.4

Action                   || total
-------------------------++-------
Melee: Short sword       ||    88
       Unarmed           ||     7
       Bite              ||    18
 Cast: Pain              ||     3
       Animate Skeleton  ||     4
       Vampiric Draining ||     2
 Stab: Distracted        ||     1
  Eat: Chunk             ||     1
Armor: Robe              ||    28
Dodge: Dodged            ||    78
